 Dungeon Crawl Stone Soup version 0.29-a0-830-gcb1280458a (webtiles) character file.

Game seed: 6836890292566960429

187 gruber the Grave Robber (level 5, -4/28 HPs)
             Began as a Deep Elf Necromancer on July 11, 2022.
             Slain by a hornet (11 damage)
             ... on level 4 of the Dungeon.
             The game lasted 00:02:58 (3377 turns).

gruber the Grave Robber (Deep Elf Necromancer)      Turns: 3377, Time: 00:02:58

Health: -4/28      AC:  2    Str:  5    XL:     5   Next: 39%
Magic:  6/11       EV: 12    Int: 22    God:
Gold:   254        SH:  0    Dex: 15    Spells: 2/10 levels left

rFire   . . .      SeeInvis .   q - staff of death
rCold   . . .      Faith    .   (no shield)
rNeg    + . .      Spirit   .   a - +0 robe
rPois   .          Reflect  .   (no helmet)
rElec   .          Harm     .   (no cloak)
rCorr   .          Rampage  .   (no gloves)
Will    .....                   (no boots)
Stlth   ++........              (no amulet)
HPRegen 0.09/turn               (no ring)
MPRegen 0.12/turn               (no ring)

@: slowed, very slow
A: no striking features
a: no special abilities


You were on level 4 of the Dungeon.
You visited 1 branch of the dungeon, and saw 4 of its levels.

You collected 254 gold pieces.

Inventory:

Armour
 a - a +0 robe (worn)
Magical Staves
 q - a staff of death (weapon)
Scrolls
 d - a scroll of magic mapping {unknown}
 e - 2 scrolls of fog {unknown}
 f - a scroll of teleportation {unknown}
 h - 3 scrolls of blinking {unknown}
 j - 5 scrolls of enchant weapon {unknown}
 m - a scroll of enchant armour {unknown}
 n - 3 scrolls of identify {unknown}
 p - 2 scrolls of fear {unknown}
 r - a scroll of vulnerability {unknown}
Potions
 b - a potion of magic
 c - a potion of berserk rage {unknown}
 g - a potion of might {unknown}
 i - a potion of heal wounds {unknown}
 k - 2 potions of brilliance {unknown}
 l - 3 potions of lignification {unknown}
 o - 4 potions of curing {unknown}
 s - 2 potions of degeneration {unknown}
 t - a potion of attraction {unknown}


   Skills:
 + Level 0.2 Long Blades
 + Level 0.3 Ranged Weapons
 - Level 2.4 Dodging
 - Level 2.4 Stealth
 - Level 3.0 Spellcasting
 + Level 0.2 Hexes
 - Level 7.3 Necromancy
 + Level 0.6 Ice Magic
 * Level 2.0 Air Magic
 + Level 0.1 Invocations


You had 2 spell levels left.
You knew the following spells:

 Your Spells              Type           Power      Damage    Failure   Level
a - Necrotise             Necr           100%       1d9       1%          1
b - Vampiric Draining     Necr           52%        2d9       1%          3
c - Airstrike             Air            6%         0-3+      47%         4

Your spell library contained the following spells:

 Spells                   Type           Power      Damage    Failure   Level
 Animate Dead             Necr           52%        N/A       6%          4
 Agony                    Necr           52%        N/A       17%         5
 Summon Lightning Spire   Summ/Air       7%         N/A       63%         4
 Lightning Bolt           Conj/Air       3%         1d15      92%         5


Dungeon Overview and Level Annotations

Branches:
Dungeon (4/15)
 Temple: D:4-7

Altars:
Sif Muna
Zin

Annotations:
D:3 1 runed translucent door, Tenar's ghost, amateur DsEE


Message History

Your kobold skeleton hits the iguana but does no damage.
You hit the iguana but do no damage. The hornet stings your kobold skeleton!
Your kobold skeleton is destroyed!
The endoplasm misses you. The iguana closely misses you.
Unknown command.
Unknown command.
You swap places.
The iguana bites your ball python skeleton!
Your ball python skeleton is destroyed!
An iguana comes into view.
There is an open door here.
The endoplasm attacks as you move away! The endoplasm completely misses you.
The endoplasm attacks as you move away! The endoplasm hits you.
Things that are here:
a +1 dagger of venom; a +0 robe
There is an open door here.
The endoplasm attacks as you move away! The endoplasm misses you.
The endoplasm attacks as you move away! The endoplasm hits you.
There is an open door here.
The hornet barely misses you.
You feel a surge of power!
The hornet writhes in agony.
The hornet barely misses you.
You feel a surge of power!
The hornet barely resists.
The hornet stings you.
You feel yourself slow down. The endoplasm closely misses you.
The hornet stings you!
* * * LOW HITPOINT WARNING * * *
You feel as though you will be slow longer.
You are too injured to fight recklessly!
You are too injured to fight recklessly!
You are too injured to fight recklessly!
Unknown command.
Casting: Necrotise (safe; 1% risk of failure)
Confirm with . or Enter, or press ? or * to list all spells.
Aiming: Necrotise (safe; 1% risk of failure)
Press: ? - help, Shift-Dir - straight line, f/p - hornet
Aim: a hornet (lightly wounded, chance to affect: 77%)
You feel a surge of power!
The hornet writhes in agony.
You hear a shout!
The hornet stings you!
You die...

############# ##### ###
............# #...###.##
........###.# #.8l'##..##
.##.###.###.#######...#)y##'###..
.................J#...#.#..#...#
..#.##..........@yl.8.+###.#l..#
..#.##..###..######...# ##+y..#
........###..# #...# #....l
..#.#.....#..# #.8.+ #.....
......###.#..# #...# +.....
...#..# ....# ##### ######
#.....###.##.# #.#.#.....#
#.#.###.###


You could see a hornet, an iguana and an endoplasm.

Vanquished Creatures
  An iguana (D:4)
  An orc wizard (D:4)
  4 adders
  A worm (D:3)
  2 dart slugs (D:3)
  12 ball pythons
  11 endoplasms
  A giant cockroach (D:4)
  5 goblins
  7 hobgoblins
  8 jackals
  9 kobolds
  A quokka (D:2)
  2 bats
  3 frilled lizards
  5 rats
73 creatures vanquished.

Vanquished Creatures (collateral kills)
  An adder (D:3)
  2 ball pythons (D:2)
  A goblin (D:1)
  A jackal (D:1)
  A frilled lizard (D:3)
6 creatures vanquished.

Grand Total: 79 creatures vanquished

Notes
Turn   | Place    | Note
-------+----------+-------------------------------------------
     0 | D:1      | gruber the Deep Elf Necromancer began the quest for the
                  | Orb.
     0 | D:1      | Reached XP level 1. HP: 10/10 MP: 6/6
    36 | D:1      | Reached skill level 5 in Necromancy
   155 | D:1      | Reached XP level 2. HP: 15/15 MP: 6/8
   459 | D:1      | Reached skill level 6 in Necromancy
   502 | D:1      | Reached XP level 3. HP: 19/19 MP: 5/9
  1444 | D:2      | Reached XP level 4. HP: 24/24 MP: 8/10
  2105 | D:3      | Found a runed translucent door.
  2106 | D:3      | Noticed Tenar's ghost (amateur DsEE)
  2106 | D:3      | Found the +2 shield of Resistance {rF++ rC++ Will++}
  2125 | D:3      | Reached skill level 7 in Necromancy
  2326 | D:3      | Found a shimmering blue altar of Sif Muna.
  2327 | D:3      | Found a glowing silver altar of Zin.
  2416 | D:2      | Learned a level 3 spell: Vampiric Draining
  2421 | D:2      | Learned a level 4 spell: Airstrike
  2622 | D:4      | Reached skill level 1 in Air Magic
  2786 | D:4      | Reached XP level 5. HP: 28/28 MP: 8/11
  3359 | D:4      | Noticed a hornet
  3377 | D:4      | Slain by a hornet

Illustrated notes

Levels and vault maps discovered:
D:1:      sevenhm_arrival_forest_fort_small_3, layout_basic
D:2:      layout_loops_ring, minmay_pentomino_o2
D:3:      layout_rooms, nicolae_overflow_squiral, ebering_ghost_inner_flame
D:4:      minmay_chambers_of_threes, layout_loops_ring

Skill      XL: |  1  2  3  4  5 |
---------------+----------------+-----
Necromancy     | 5 6 7 |  7.3
Air Magic      | 1 2 |  2.0
Long Blades    | |  0.2
Ranged Weapons | |  0.3
Dodging        | |  2.4
Stealth        | |  2.4
Spellcasting   | |  3.0
Hexes          | |  0.2
Ice Magic      | |  0.6
Invocations    | |  0.1

Action                   |  1- 3 |  4- 6 || total
-------------------------+-------+-------++-------
Melee: Staff             |       |     3 ||     3
 Cast: Necrotise         |    59 |    73 ||   132
Armor: Robe              |       |     2 ||     2
Dodge: Dodged            |     3 |    12 ||    15

Table legend: (Time is in decaauts)
 A = Elapsed time spent in this place.
 B = Non-inter-level travel time spent in this place.
 C = Inter-level travel time spent in this place.
 D = Time resting spent in this place.
 E = Time spent auto-exploring this place.
 F = Levels seen in this place.
 G = Mean time per level.
                   A        B        C        D        E       F      G
               +--------+--------+--------+--------+--------+-----+--------+
         Total |   3378 |   3250 |    128 |      0 |   2846 |   4 |  844.5 |
       Dungeon |   3378 |   3250 |    128 |      0 |   2846 |   4 |  844.5 |
               +--------+--------+--------+--------+--------+-----+--------+

Top non-repeatable levels by time:
     D:1: 951 daAuts
     D:2: 928 daAuts
     D:4: 760 daAuts
     D:3: 738 daAuts
